Map: Prion Terraces

Players

Miltreta - Winner!

  • Race: Terran Terran
  • League: Bronze

TUX

  • Race: Protoss Protoss
  • League: Bronze

VOD

Have the link to the VOD?

Description

Time

  • Played on: March 15, 2016, 9:13 a.m.
  • Length: 3:39
Show
View Real Time Build Order
Export as new Build Order

Miltreta Terran - Winner!

Build Orders: Reaper Expand 

Get SALT Encoding   

  12  0:02  SCV  
  13  0:19  SCV  
  14  0:21  Supply Depot  
  14  0:33  SCV  
  15  0:42  Refinery  
  15  0:44  Barracks  
  15  0:48  SCV  
  16  1:06  SCV  
  17  1:18  SCV  
  18  1:27  Refinery  
  18  1:31  Orbital Command  
  18  1:35  Reaper  
  19  2:07  Barracks  
  19  2:08  Reaper  
  20  2:20  Command Center  
  20  2:33  Factory  
  20  3:02  Barracks Reactor  
  20  3:10  Barracks Tech Lab  
  20  3:17  Supply Depot  
Show
View Real Time Build Order
Export as new Build Order

TUX Protoss 

Build Orders: Double Forge 

Get SALT Encoding   

  12  1:51  Pylon  
  12  1:58  Assimilator  
  12  2:00  Probe (Chrono Boost)  
  13  2:03  Assimilator  
  13  2:10  Gateway  
  13  2:11  Probe (Chrono Boost)  
  13  2:14  Forge  
  14  2:22  Probe (Chrono Boost)  
  15  2:28  Nexus  
  15  2:32  Probe (Chrono Boost)  
  16  2:37  Assimilator  
  16  2:40  Assimilator  
  16  2:43  Probe (Chrono Boost)  
  17  3:07  Pylon  
  17  3:13  Forge  
  17  3:15  Pylon  
  17  3:22  Pylon  
  17  3:32  Pylon  
Tags
 
Add a new tag
Caveats
  • Supply blocks, unpowered buildings, or Contaminate may cause inaccurate times.
  • Supply counts are checked every 10 seconds.